 Dungeon Crawl Stone Soup version 0.27.1-34-g3ba077fa99 (webtiles) character file.

Game seed: 8403580638234139905

2 unlimited1921 the Skirmisher (level 1, -4/15 (22) HPs)
             Began as a Troll Fighter on Jan 5, 2022.
             Slain by a gnoll (10 damage)
             ... on level 1 of the Dungeon.
             The game lasted 00:01:25 (163 turns).

unlimited1921 the Skirmisher (Troll Fighter)         Turns: 163, Time: 00:01:30

HP:   -4/15 (22)    AC:  4    Str: 23    XL:     1   Next: 33%
MP:   0/0           EV:  7    Int:  4    God:
Gold: 0             SH:  8    Dex:  9    Spells: 0/0 levels left

rFire    . . .     SeeInvis .   a - +0 war axe
rCold    . . .     Faith    .   c - +0 kite shield
rNeg     . . .     Spirit   .   b - +0 robe
rPois    .         Reflect  .   (helmet restricted)
rElec    .         Harm     .   (no cloak)
rCorr    .         Rampage  .   (gloves unavailable)
Will     .....                  (boots unavailable)
Stlth    +.........             (no amulet)
HPRegen  1.05/turn              (no ring)
MPRegen  0.07/turn              (no ring)

@: very heavily drained
A: large, unfitting armour, claws 3, regeneration 1, shaggy fur 1, tough skin 1
a: no special abilities


You were on level 1 of the Dungeon.
You visited 1 branch of the dungeon, and saw 1 of its levels.

Inventory:

Hand Weapons
 a - a +0 war axe (weapon)
Armour
 b - a +0 robe (worn)
 c - a +0 kite shield (worn)
Scrolls
 f - a scroll of teleportation {unknown}
Potions
 d - a potion of might
 e - a potion of heal wounds {unknown}


   Skills:
 * Level 2.5 Fighting
 + Level 1.5 Axes
 + Level 2.4 Dodging
 + Level 2.4 Shields


You couldn't memorise any spells.
You didn't know any spells.
Your spell library was empty.

Dungeon Overview and Level Annotations

Branches:
Dungeon (1/15)

Altars:

Shops:
D:1 *


Innate Abilities, Weirdness & Mutations

You are too large for most types of armour.
You have claws for hands.
Your natural rate of healing is unusually fast.
You are covered in fur. (AC +1)
You have tough skin. (AC +1)


Message History

Found 9 gold pieces.
The hobgoblin shouts!
You see here 4 gold pieces.
Found 11 gold pieces.
A kobold comes into view. It is wielding a +0 short sword.
A gnoll comes into view. It is wielding a +2 flail of draining.
The kobold shouts!
The gnoll shouts!
You slash the hobgoblin!
You kill the hobgoblin!
The frilled lizard hisses.
The gnoll hits you with a +2 flail of draining!
You feel drained.
You see here a hobgoblin corpse.
You slash the gnoll!
The gnoll is heavily wounded.
The gnoll hits you with a +2 flail of draining.
You feel drained. The gnoll closely misses you.
You closely miss the gnoll.
The gnoll is heavily wounded.
The gnoll hits you with a +2 flail of draining!
You feel drained. The gnoll closely misses you.
The kobold throws a stone.
The stone hits you but does no damage.
The gnoll hits you with a +2 flail of draining.
You feel drained. You block the kobold's attack.
You barely miss the gnoll.
The gnoll is moderately wounded.
You barely miss the kobold.
The gnoll hits you with a +2 flail of draining!
You feel drained.
* * * LOW HITPOINT WARNING * * *
The kobold barely misses you. The gnoll barely misses you.
The kobold throws a stone.
The stone completely misses you.
Found a stone staircase leading down.
You closely miss the gnoll.
The gnoll is moderately wounded.
The gnoll hits you with a +2 flail of draining!
You feel drained.
The gnoll hits you with a +2 flail of draining!
Ouch! That really hurt!
You die...

####..... ...... ......#####.....
...8. ..∩.... ................
#..... ........ .....>..........
...............##................
.♣..8.. ..∩......................
....#.. .........................
.##.#.# ........................
.+..#.#######...@.......#.......#
.#.##.#........g........#........
......#.#......l........#........
......#......K....###............
......#(∩.#......................
..........#...##.................
........#.....##...........#.....
..#......#######...........######
..#......# #......######


You could see a gnoll, a kobold and a frilled lizard.

Vanquished Creatures
  An endoplasm (D:1)
  A hobgoblin (D:1)
2 creatures vanquished.

Notes
Turn   | Place    | Note
-------+----------+-------------------------------------------
     0 | D:1      | unlimited1921 the Troll Fighter began the quest for the
                  | Orb.
     0 | D:1      | Reached XP level 1. HP: 22/22 MP: 0/0
   116 | D:1      | Found Ugunt's General Store.
   163 | D:1      | Slain by a gnoll

Illustrated notes

Levels and vault maps discovered:
D:1:      mrwooster_arrival_statue, layout_basic, serial_shops,
          nicolae_shop_stone, hellmonk_ecumenical_altar_arch_garden,
          minmay_indecisive_spiral

Action                   || total
-------------------------++-------
Melee: War axe           ||     7
Armor: Robe              ||     1
Dodge: Dodged            ||     6
Block: Kite shield       ||     1
